 Dungeon Crawl Stone Soup version 0.22-a0-388-g09e6169 (webtiles) character file.

187 rj54x the Cudgeler (level 5, -10/32 HPs)
             Began as a Gargoyle Berserker on Apr 30, 2018.
             Was a Believer of Trog.
             Splashed by a jelly's acid (11 damage)
             ... on level 3 of the Dungeon.
             The game lasted 00:06:01 (2521 turns).

rj54x the Cudgeler (Gargoyle Berserker)             Turns: 2521, Time: 00:06:02

Health: -10/32     AC: -3    Str: 21    XL:     5   Next: 66%
Magic:  5/5        EV:  8    Int:  8    God:    Trog [**....]
Gold:   131        SH:  0    Dex: 14    Spells: 4/4 levels left

rFire    . . .     SeeInvis .   b - +2 dagger (speed)
rCold    . . .     Gourm    .   (no shield)
rNeg     + . .     Faith    .   m - +0 chain mail
rPois    ∞         Spirit   .   (no helmet)
rElec    +         Reflect  .   (no cloak)
rCorr    .         Harm     .   (no gloves)
MR       .....                  (no boots)
Stlth    ..........             (no amulet)
HPRegen  0.10/turn              d - +5 ring of dexterity
MPRegen  0.09/turn              (no ring)

@: corroded, berserk cooldown, starving, slowed, very slow
A: negative energy resistance 1, electricity resistance, unbreathing,
petrification resistance, rot immunity, AC +4
a: Berserk, Trog's Hand, Renounce Religion


You were on level 3 of the Dungeon.
You worshipped Trog.
Trog was pleased with you.
You were starving.

You visited 1 branch of the dungeon, and saw 3 of its levels.

You collected 131 gold pieces.

Inventory:

Hand Weapons
 a - a +0 mace
 b - a +2 dagger of speed (weapon)
Missiles
 f - 153 stones (quivered)
Armour
 h - a +0 animal skin
 m - a +0 chain mail (worn)
Jewellery
 d - a +5 ring of dexterity (left hand)
Scrolls
 e - a scroll of identify
 k - 2 scrolls of remove curse
 l - 2 scrolls of teleportation {unknown}
 n - 2 scrolls of magic mapping
 q - a scroll of fear {unknown}
Potions
 i - 2 potions of lignification {unknown}
 j - a potion of heal wounds
 o - 4 potions of curing {unknown}
 p - a potion of might {unknown}
 r - a potion of magic {unknown}
Comestibles
 c - 5 rations


   Skills:
 - Level 3.2 Fighting
 + Level 6.2 Maces & Flails
 - Level 2.1 Armour
 - Level 1.5 Dodging


You had 4 spell levels left.
You didn't know any spells.

Dungeon Overview and Level Annotations

Branches:
Dungeon (3/15)

Altars:
Makhleb
The Shining One


Innate Abilities, Weirdness & Mutations

You are resistant to torment.
Your stone body is resilient. (AC +4)
You are immune to poison.
You resist negative energy. (rN+)
You are resistant to electric shocks. (rElec)
You can survive without breathing.
You are immune to petrification.
You are immune to rotting.


Message History

You feel a strong urge to attack something.
You hit the jelly but do no damage.
Your hands burn!
* * * LOW HITPOINT WARNING * * *
The jelly is heavily wounded.
You hit the jelly but do no damage.
Your hands burn!
* * * LOW HITPOINT WARNING * * *
The jelly is heavily wounded.
The jelly barely misses you.
You are too berserk!
Unknown command.
You feel a strong urge to attack something.
You are no longer berserk.
You are exhausted.
You feel yourself slow down.
Okay, then.
The ooze jiggles.
The jelly hits you.
* * * LOW HITPOINT WARNING * * *
The acid corrodes you!
You are splashed with acid!
The acid burns!
You die...

.....+.##÷P..÷P...
#.#.#####.#.#
.....#.##.P.÷÷....
#.#.......#.#
..##...##...÷.÷...
#.#######.#.#
..##.#.##..J.÷..P. #.#
#.#.# #.##.#.##.........
#.#########.# #.##.#.#
#'####### #...........##
#.##.#.#
##.)J.J.###............#
#.##.#.#
########J##.#########.##
#.##.#.# #....'.@###.#
#.# #.##.#####....####
#.# #.#
#.##....##.......# #.#
#.# #.####.###.......#
#.# #.# #.####.#
#......[###.#########.##
#......#
#.......##)............#
###...##
##.....###.#######..####
#...# ##...####.# #..#
##### ##'''###(.# #..#


You could see a jelly.

Vanquished Creatures
  Jessica (D:3)
  6 adders
  5 oozes
  3 worms (D:3)
  4 dart slugs
  2 orcs (D:3)
  4 giant cockroaches
  4 goblins
  7 hobgoblins
  7 jackals
  16 kobolds
  2 bats (D:1)
  3 frilled lizards (D:1)
  7 rats
71 creatures vanquished.

Vanquished Creatures (others)
  4 fungi (D:3)
  6 toadstools (D:3)
10 creatures vanquished.

Grand Total: 81 creatures vanquished

Notes
Turn   | Place    | Note
-------+----------+-------------------------------------------
     0 | D:1      | rj54x the Gargoyle Berserker began the quest for the Orb.
     0 | D:1      | Reached XP level 1. HP: 14/14 MP: 1/1
    80 | D:1      | Reached XP level 2. HP: 19/19 MP: 2/2
   391 | D:1      | Reached skill level 4 in Maces & Flails
   460 | D:1      | Reached XP level 3. HP: 19/23 MP: 3/3
   923 | D:2      | Reached ** piety under Trog
  1054 | D:2      | Reached XP level 4. HP: 28/28 MP: 4/4
  1149 | D:2      | Found a burning altar of Makhleb.
  1149 | D:2      | Found a glowing golden altar of the Shining One.
  1283 | D:2      | Reached skill level 5 in Maces & Flails
  1497 | D:3      | Noticed Jessica
  1505 | D:3      | Killed Jessica
  1573 | D:3      | Reached XP level 5. HP: 30/32 MP: 5/5
  1915 | D:3      | Reached skill level 6 in Maces & Flails
  2516 | D:3      | HP: 2/48 [acid (1)]
  2521 | D:3      | HP: 1/32 [jelly (2)]
  2521 | D:3      | Splashed by a jelly's acid

Vault maps used:
D:1:      dpeg_arrival_connections
D:2:      gammafunk_temple_overflow_elements, minmay_box_of_dots
D:3:      cheibrodos_fertilizer, first_ration, minmay_crystal_water,
          interstate_on_off, uniq_jessica

Skill      XL: |  1  2  3  4  5 |
---------------+----------------+-----
Maces & Flails | 4 5 6 |  6.2
Fighting       | |  3.2
Armour         | |  2.1
Dodging        | |  1.5

Action                   |  1- 3 |  4- 6 || total
-------------------------+-------+-------++-------
Melee: Mace              |    44 |       ||    44
       Dagger            |    93 |   168 ||   261
Invok: Berserk           |       |     2 ||     2
  Use: Scroll            |     1 |     4 ||     5
 Stab: Sleeping          |     2 |       ||     2
  Eat: Chunk             |     1 |     4 ||     5
Armor: Animal skin       |    20 |       ||    20
       Chain mail        |    22 |    57 ||    79
Dodge: Dodged            |    62 |    47 ||   109

Table legend:
 A = Spawn XP
 B = Non-spawn XP
 C = Spawn XP percentage of total XP
 D = Spawn monster count
 E = Non-spawn monster count
 F = Spawn count percentage of total count
 G = Total turns spent on level
                    A         B        C        D         E        F      G
               +---------+---------+-------+---------+---------+-------+---------
         Total |       0 |     268 |   0.0 |       0 |      71 |   0.0 |  2521
               +---------+---------+-------+---------+---------+-------+---------
           D:1 |       0 |      42 |   0.0 |       0 |      23 |   0.0 |   852
           D:2 |       0 |      74 |   0.0 |       0 |      19 |   0.0 |   591
           D:3 |       0 |     152 |   0.0 |       0 |      29 |   0.0 |  1078
               +---------+---------+-------+---------+---------+-------+---------
